 Dungeon Crawl Stone Soup version 0.14.0-15-g6b16f67 (webtiles) character file.

1574158 Tolias the Metallomancer (level 27, 215/265 HPs)
             Began as a Deep Dwarf Conjurer on Apr 17, 2014.
             Was the Champion of Makhleb.
             Escaped with the Orb
             ... and 3 runes on Apr 18, 2014!
             The game lasted 08:17:06 (84841 turns).

Tolias the Metallomancer (Deep Dwarf Conjurer)     Turns: 84841, Time: 08:17:06

HP 215/265       AC 25     Str 19      XL: 27
MP   3/43        EV 16     Int 33      God: Makhleb [******]
Gold 5174        SH 30     Dex 16      Spells: 15 memorised,  4 levels left

rFire  + + .     SeeInvis +     e - staff of earth
rCold  + . .     Clarity  .     M - +6 fire dragon armour
rNeg   + + .     Conserve .     h - +2 shield of the Bulwark {rElec rC++ Str+3 SInv}
rPois  .         rCorr    .     n - -1 helmet {Int+3}
rElec  +         rRot     .     J - -1 cloak {+Inv}
SustAb . .       Spirit   .     (no gloves)
rMut   +         Warding  .     j - +2 pair of boots of Courage {rN+ MR+ Dex-1}
Saprov . . .     Stasis   .     W - amulet "Icrud" {rMut Acc+4}
MR     +++++                    y - ring "Uhedohoc" {MP+9 Str+5 Int+4}
                                o - ring "Gruaj" {Wiz rElec}

@: repel missiles, non-regenerating, very slightly contaminated, almost entirely
resistant to hostile enchantments, very unstealthy
A: damage resistance, recharge devices, slimy green scales 1, agile 1, carnivore
1, low mp 2, life protection 1, sense surroundings 3, robust 1, slow healing 3,
slow metabolism 1, weak 1
a: Device Recharging, Minor Destruction, Lesser Servant of Makhleb, Major
Destruction, Greater Servant of Makhleb, Renounce Religion, Evoke Invisibility
0: Orb of Zot
}: 3/15 runes: decaying, silver, gossamer


You escaped.
You worshipped Makhleb.
Makhleb was exalted by your worship.
You were hungry.

You visited 11 branches of the dungeon, and saw 61 of its levels.
You visited the Abyss 1 time.
You visited 1 bazaar.
You also visited: Trove, Ossuary, Bailey, Ice Cave and Wizlab.

You collected 9347 gold pieces.
You spent 4173 gold pieces at shops.

Inventory:

Hand weapons
 w - the cursed +2 blowgun "Bokhloywn" {evade, rN+ Str-1}
   (You found it on level 3 of the Depths)

   It affects your evasion (+5 to EV).
   It affects your strength (-1).
   It protects you from negative energy.
   It has a curse placed upon it.
Missiles
 D - 15 curare-tipped needles
Armour
 h - the +2 shield of the Bulwark (worn) {rElec rC++ Str+3 SInv}
   (You took it off Asterion on level 4 of the Spider Nest)

   It affects your strength (+3).
   It greatly protects you from cold.
   It insulates you from electricity.
   It enhances your eyesight.
 j - the +2 pair of boots of Courage (worn) {rN+ MR+ Dex-1}
   (You bought it in a shop on level 1 of the Vaults)

   It affects your dexterity (-1).
   It protects you from negative energy.
   It affects your resistance to hostile enchantments.
 n - a -1 helmet of intelligence (worn)
 J - a -1 cloak of darkness (worn)
 M - a +6 fire dragon armour (worn)
Magical devices
 b - a wand of heal wounds (9)
 c - a wand of teleportation (8)
 s - a wand of digging (9)
 K - a wand of heal wounds (8)
Comestibles
 g - a bread ration
 Z - 2 meat rations
Scrolls
 p - 3 scrolls of fog
 q - 7 scrolls of blinking
 I - 5 scrolls of identify
 O - 5 scrolls of teleportation
 U - a scroll of enchant weapon II
 X - 13 scrolls of remove curse
Jewellery
 d - the ring of Xom's Ringing Laughter {rN+ Str+5 Int+3}
   (You took it off a deep elf annihilator on level 3 of the Elven Halls)

   [ring of positive energy]

   It affects your strength (+5).
   It affects your intelligence (+3).
 f - an uncursed ring of sustain abilities
 i - an uncursed amulet of conservation
 m - a cursed ring of protection from fire
 o - the ring "Gruaj" (left hand) {Wiz rElec}
   (You took it off a vault sentinel on level 5 of the Vaults)

   [ring of wizardry]

   It insulates you from electricity.
 u - a +6 ring of intelligence
 y - the ring "Uhedohoc" (right hand) {MP+9 Str+5 Int+4}
   (You took it off an ironheart preserver on level 5 of the Vaults)

   [ring of magical power]

   It affects your strength (+5).
   It affects your intelligence (+4).
 E - an uncursed ring of protection from fire
 Q - an uncursed ring of teleportation
 W - the amulet "Icrud" (around neck) {rMut Acc+4}
   (You took it off a deep elf annihilator on level 3 of the Elven Halls)

   [amulet of resist mutation]

   It affects your accuracy with ranged weapons and melee attacks (+4).
Potions
 k - a potion of might
 l - a potion of resistance
 t - 7 potions of restore abilities
 v - 14 potions of curing
 P - 7 potions of agility
Magical staves
 e - an uncursed staff of earth (weapon)
 r - an uncursed staff of energy {!a}
Miscellaneous
 a - a disc of storms
 A - a lamp of fire
 B - a lamp of fire
 C - a lamp of fire
 F - a fan of gales (inert)
 G - a fan of gales
 H - a fan of gales
 R - a phial of floods
 S - a phial of floods
 T - a stone of tremors
Rods
 x - a +2 rod of ignition (13/13) {!a}
   (You took it off a deep elf annihilator on level 5 of the Vaults)
 z - a +4 rod of inaccuracy (13/13) {!a}
   (You bought it in a shop on level 15 of the Dungeon)
 N - a +0 rod of the swarm (11/11)
   (You took it off a white draconian on level 4 of the Realm of Zot)


   Skills:
 + Level 13.2 Fighting
 - Level 16.0 Maces & Flails
 - Level 12.0 Staves
 - Level 12.6 Armour
 + Level 13.7 Dodging
 - Level 5.0 Stealth
 - Level 15.0 Shields
 - Level 16.8 Spellcasting
 - Level 15.8 Conjurations
 - Level 11.6 Charms
 - Level 12.1 Necromancy
 - Level 6.0 Translocations
 - Level 3.2 Air Magic
 - Level 26.0 Earth Magic
 - Level 3.3 Poison Magic
 - Level 11.3 Invocations
 - Level 20.0 Evocations


You had 4 spell levels left.
You knew the following spells:

 Your Spells              Type           Power        Failure   Level  Hunger
a - Apportation           Tloc           ######....   1%          1    None
b - Animate Skeleton      Necr           N/A          1%          1    None
c - Summon Butterflies    Summ           ####....     1%          1    None
d - Iron Shot             Conj/Erth      ########..   1%          6    None
f - Dispel Undead         Necr           #######.     1%          5    None
g - Orb of Destruction    Conj           #######...   1%          7    ####...
h - Haste                 Chrm           #######.     1%          6    None
m - Cure Poison           Pois           ######....   1%          2    None
q - Blink                 Tloc           N/A          1%          2    None
s - Animate Dead          Necr           N/A          1%          4    None
t - Shatter               Erth           ########..   4%          9    #######
u - Sublimation of Blood  Necr           #######...   1%          2    None
v - Repel Missiles        Chrm/Air       #####.       1%          2    None
w - Control Teleport      Chrm/Tloc      ######....   1%          4    None
x - Flight                Chrm/Air       #####.....   1%          3    None


Dungeon Overview and Level Annotations

Branches:
Dungeon (15/15)            Temple (1/1) D:4             Orc (4/4) D:10
    Elf (3/3) Orc:3          Lair (8/8) D:10          Swamp (5/5) Lair:3
 Spider (5/5) Lair:5       Vaults (5/5) D:13          Blade (0/1) Vaults:4
  Crypt (5/5) Vaults:2        Zot (5/5) Depths:5     Depths (5/5) D:15
  Slime: Lair:6-8      Tomb: Crypt:2-3

Altars:
Cheibriados
Elyvilon
Fedhas
Makhleb
Okawaru
Zin
Beogh
Lugonu

Shops:
D:10 [(   D:12 [   D:15 }   Orc:4 }[*%   Vaults:1 =*[[!   Vaults:5 }?

Portals:
Hell: Depths:1 Depths:2 Depths:3 Depths:4 Depths:5
Abyss: Depths:3 Depths:4
Pandemonium: Depths:3
Ziggurat: Depths:2

Annotations:
D:9 exclusion: cyclops
Lair:8 exclusion: 3 oklob plants
Spider:3 Norris
Spider:5 5 exclusions
Crypt:2 exclusion: door
Abyss:1 Saint Roka


Innate Abilities, Weirdness & Mutations

You are resistant to damage.
You can recharge devices by infusing magical energy.
You resist negative energy.
You passively map a large area around you.
You do not heal naturally.
You are partially covered in slimy green scales (AC +2).
You are agile. (Dex +2)
Your digestive system is specialised to digest meat.
Your magical capacity is very low (-20% MP).
You are robust (+10% HP).
You have a slow metabolism.
You are weak. (Str -2)


Message History

That item cannot be evoked!
That item cannot be evoked!
That item cannot be evoked!
That item cannot be evoked!
That item cannot be evoked!
That item cannot be evoked!
Casting: Shatter
Confirm with . or Enter, or press ? or * to list all spells.
You feel a surge of power!
The dungeon rumbles!
You kill the Orb Guardian!
Makhleb accepts your kill.
You feel a little better.
Ka-crash!
Casting: Shatter
Confirm with . or Enter, or press ? or * to list all spells.
You feel a surge of power!
The dungeon rumbles!
Ka-crash!
You are feeling hungry.
You have escaped!

##.##.#########....########......
...##.##.................##.##...
......#.#...............#.#......
...#..#................#..#.##...
......#...................#......
......#...................#......
...##.#...................#.##.#.
......#...................#......
.#.##...........@.........#.##.#.
.#.##.#.....................##.#.
.#.####...................#......
...####...................#......
......#...................#.##.##
...####...................#......
...# #..#.............#..#.#....
...# #.#...............#.#.#....
...# ##.................##.#....


There were no monsters in sight!

Vanquished Creatures
  2 orbs of fire (Zot:5)
  A pandemonium lord (Zot:4)
  10 ancient liches
  2 curse toes
  The ghost of hypertraveller the Conqueror, an awesomely powerful GrBe of Trog (Zot:5)
  4 Killer Klowns
  5 golden dragons
  3 electric golems
  Xtahua (Crypt:5)
  the Enchantress (Depths:2)
  13 bone dragons
  9 tentacled monstrosities
  Asterion (Spider:4)
  28 Orb Guardians
  5 liches
  A quicksilver dragon (Vaults:5)
  4 titans
  5 deep elf master archers (Elf:3)
  The ghost of Alteisentier the Blocker, a mighty FoFi of Okawaru (Spider:5)
  4 deep elf blademasters (Elf:3)
  2 thorn hunters
  4 storm dragons
  5 ancient champions
  6 tengu reavers
  6 sphinxes
  6 shadow dragons
  Agnes (Swamp:5)
  7 draconian monks
  A revenant (Crypt:2)
  Rupert (Swamp:5)
  6 ghost moths
  2 ghouls (Crypt:4)
  9 fire giants
  Maud (Lair:5)
  Gastronok (Lair:3)
  2 draconian zealots (Zot:1)
  4 iron dragons
  10 frost giants
  5 spriggan defenders
  7 deep elf sorcerers (Elf:3)
  A draconian scorcher (Zot:1)
  3 reapers
  14 vault wardens
  3 draconian shifters (Zot:5)
  7 vampire knights
  8 emperor scorpions
  An orc warlord (Depths:2)
  3 draconian knights
  A draconian caller (Zot:2)
  3 war gargoyles (Crypt:5)
  Jorgrun (Depths:3)
  A grey draconian (Zot:4)
  2 green draconians (Zot:1)
  17 stone giants
  3 draconian annihilators
  A red draconian (shapeshifter) (Vaults:5)
  11 mottled draconians
  6 red draconians
  5 white draconians
  2 dire elephants
  3 deep elf demonologists
  19 deep elf annihilators
  8 purple draconians
  4 eidola
  4 pale draconians
  A salamander firebrand (Depths:2)
  3 yellow draconians
  12 black draconians
  2 crystal guardians
  12 ironheart preservers
  A spectral fire dragon (Crypt:5)
  10 jiangshi
  2 quicksilver dragon zombies
  A green death (Depths:1)
  9 death cobs
  2 minotaurs
  16 fire dragons
  2 great orbs of eyes (Depths:4)
  4 ravenous feature mimics
  11 deep elf death magi
  14 ettins
  12 yaktaur captains
  5 rakshasas
  2 statues (WizLab)
  15 hydras
  Nessos (D:14)
  A spriggan air mage (Depths:2)
  A ravenous item mimic (Crypt:5)
  Snorg (Spider:1)
  7 deep elf high priests
  50 vault guards
  13 ice dragons
  An orc high priest (Elf:3)
  3 dancing weapons
  18 ogre magi
  A deep dwarf death knight (Crypt:3)
  6 vampire magi
  21 death yaks
  6 deep troll earth magi
  7 deep troll shamans
  4 spectral elves
  A sun demon (D:10)
  A tengu warrior (Depths:4)
  Harold (D:15)
  14 deep elf knights
  3 titan zombies
  A plague shambler (D:15)
  A spriggan berserker (Depths:4)
  15 hell knights
  A soul eater (Crypt:2)
  8 alligators
  Fannar (Orc:3)
  Urug (Orc:3)
  7 centaur warriors
  4 shadow wraiths
  47 skeletal warriors
  A salamander mystic (Depths:2)
  A ghost moth zombie (Crypt:3)
  2 storm dragon skeletons
  3 fire crabs
  A catoblepas (Lair:8)
  A giant orange brain (shapeshifter) (Vaults:3)
  An ice devil (IceCv)
  An unseen horror (shapeshifter) (Depths:3)
  4 golden dragon zombies
  8 iron trolls
  A sea snake (shapeshifter) (Depths:3)
  26 deep trolls
  A quicksilver dragon simulacrum (Crypt:1)
  12 very ugly things
  A deathcap (Zot:4)
  An ice statue (D:12)
  6 wizards
  A mana viper (Depths:2)
  4 spriggan druids
  An unseen horror (D:13)
  3 flaming corpses
  A hill giant (shapeshifter) (Depths:2)
  A sphinx zombie (Depths:5)
  2 shadow dragon zombies
  2 wolf spider zombies
  24 deep elf conjurers
  A fire crab (shapeshifter) (Elf:2)
  5 orc sorcerers
  5 deep elf summoners
  7 flayed ghosts
  10 necromancers
  5 harpies
  A frost giant zombie (Crypt:3)
  2 salamanders (shapeshifter)
  10 griffons
  A stone giant zombie (D:15)
  2 shadow dragon skeletons
  3 giant orange brains
  2 fire giant zombies
  3 manticores
  A spectral ettin (Vaults:5)
  15 phantasmal warriors
  A spectral ice dragon (Crypt:2)
  A tengu skeleton (Depths:5)
  16 ironbrand convokers
  11 red wasps
  5 swamp dragons
  2 iron dragon zombies
  A sphinx skeleton (D:15)
  A cyclops (shapeshifter) (Depths:2)
  An iron dragon skeleton (Crypt:3)
  A mermaid (shapeshifter) (Vaults:1)
  23 moths of wrath
  4 cyclopes
  A shock serpent zombie (Crypt:5)
  4 hill giants
  22 vault sentinels
  5 black mambas
  23 wolf spiders
  A frost giant skeleton (Crypt:5)
  8 elephants
  4 kobold demonologists
  A feature mimic (Lair:3)
  A gargoyle (D:12)
  A naga mage (Depths:2)
  16 spiny frogs
  A fire elemental (Depths:5)
  2 mottled draconian zombies
  A spriggan skeleton (Depths:5)
  12 demonic crawlers
  10 orc knights
  3 black draconian zombies
  2 red draconian zombies
  20 orb spiders
  An anaconda simulacrum (Depths:2)
  2 spectral humans (Crypt:5)
  A draconian zombie (Zot:2)
  3 wandering mushrooms (Zot:4)
  An elf (shapeshifter) (Depths:3)
  28 yaktaurs
  4 boggarts (Depths:1)
  9 blue devils (IceCv)
  2 hydra zombies
  9 komodo dragons
  5 red devils
  An elf skeleton (Depths:5)
  A harpy zombie (Crypt:4)
  2 iron devils
  A death yak skeleton (Depths:2)
  11 deep elf priests
  A boggart (shapeshifter) (Vaults:4)
  A centaur skeleton (D:14)
  14 trolls
  An iron troll skeleton (Crypt:3)
  A polar bear (Lair:6)
  2 fire drakes (Lair:8)
  A jumping spider (shapeshifter) (Depths:3)
  A catoblepas zombie (Crypt:1)
  2 harpy skeletons
  26 jumping spiders
  10 freezing wraiths
  2 giant fireflies
  A raven (shapeshifter) (Depths:4)
  A hydra skeleton (Crypt:5)
  38 slime creatures
  A brown ooze (Orc:3)
  6 bog bodies
  16 blink frogs
  5 ravens
  A snapping turtle (Depths:2)
  2 ettin zombies (Crypt:3)
  7 boulder beetles
  A fire dragon zombie (Crypt:3)
  A raiju (shapeshifter) (Elf:2)
  22 two-headed ogres
  A catoblepas skeleton (Crypt:2)
  29 deep elf magi
  2 thorn lotuses
  16 trapdoor spiders
  62 redbacks
  An alligator skeleton (Crypt:1)
  9 shadows
  5 basilisks
  10 sharks
  A queen bee (shapeshifter) (Vaults:1)
  14 wraiths
  3 fire dragon skeletons
  16 flying skulls (Crypt:5)
  A griffon skeleton (Crypt:3)
  5 water elementals
  An ettin skeleton (Crypt:1)
  An ice dragon skeleton (Crypt:5)
  3 spriggans
  15 tarantellas
  A yak (shapeshifter) (Elf:1)
  11 vampires
  A satyr skeleton (Crypt:1)
  An elephant slug (Lair:7)
  3 giant leeches
  9 hippogriffs
  An ugly thing zombie (Crypt:2)
  An air elemental (Depths:2)
  Eustachio (D:8)
  33 ugly things
  A human (shapeshifter) (Depths:3)
  A centaur simulacrum (D:14)
  36 vampire mosquitoes
  21 deep elf fighters
  Grum (Orc:1)
  A black mamba skeleton (Crypt:1)
  3 wyverns
  2 neqoxecs
  A steam dragon (D:13)
  5 wargs
  16 wolves
  2 hippogriffs (shapeshifter)
  5 swamp worm simulacra (Swamp:5)
  Edmund (D:8)
  A hungry ghost (D:13)
  14 hydra simulacra (Swamp:5)
  A redback (shapeshifter) (Vaults:3)
  17 water moccasins
  5 necrophages
  A glowing shapeshifter zombie (Crypt:4)
  A mottled dragon (Depths:2)
  A faun zombie (Crypt:4)
  2 hell hounds
  A gelid demonspawn skeleton (Crypt:3)
  45 yaks
  A black bear (shapeshifter) (Vaults:1)
  A putrid demonspawn skeleton (Crypt:2)
  6 swamp drakes
  A human skeleton (Depths:2)
  9 porcupines
  40 orc warriors
  17 ice beasts
  43 ogres
  20 spiders
  2 spiny frog skeletons
  29 swamp worms
  10 giant goldfish
  A swamp dragon zombie (Crypt:3)
  2 yellow wasps
  A manticore zombie (D:15)
  A phantom (D:10)
  3 boring beetles
  A swamp dragon skeleton (Crypt:4)
  5 big kobolds
  11 centaurs
  19 crocodiles
  9 lost souls
  Duvessa (D:8)
  An ettin simulacrum (Crypt:1)
  13 giant slugs
  An octopode zombie (Crypt:4)
  3 yaktaur zombies (Vaults:4)
  24 giant frogs
  A chimera zombie (Crypt:3)
  5 elf zombies
  A gnoll sergeant (D:9)
  A salamander zombie (Crypt:3)
  A draconian skeleton (Crypt:4)
  A komodo dragon skeleton (D:10)
  A cyclops zombie (D:11)
  4 insubstantial wisps (Swamp:5)
  8 scorpions
  2 cyclops skeletons
  4 eyes of draining
  24 wights
  16 killer bees
  6 crimson imps
  4 electric eels
  Dowan (D:8)
  3 centaur zombies
  4 goliath beetles
  5 jellies
  2 quasits
  An eye of draining (shapeshifter) (Vaults:1)
  6 big fish
  Crazy Yiuf (D:2)
  11 hounds
  4 human zombies
  5 iron imps (Depths:1)
  23 orc priests
  6 iguanas
  3 orange rats (D:12)
  25 orc wizards
  3 giant frog skeletons
  A two-headed ogre skeleton (Crypt:1)
  6 worker ants
  19 sheep
  A big kobold zombie (Ossuary)
  A crocodile zombie (Crypt:4)
  5 ogre zombies
  3 tengu zombies
  A felid skeleton (Crypt:4)
  2 hound zombies
  12 mummies
  A worker ant zombie (Crypt:2)
  51 green rats
  An adder (shapeshifter) (Vaults:5)
  13 adders
  13 gnolls
  2 orange rat skeletons
  2 orc zombies
  4 shadow imps
  5 giant mites
  4 white imps
  10 worms
  An inept feature mimic (D:2)
  8 ufetubi
  3 swamp drake simulacra (Swamp:5)
  2 adder zombies (Ossuary)
  An iguana zombie (Crypt:2)
  An orc skeleton (D:11)
  4 gnoll zombies
  A halfling zombie (Crypt:2)
  An iguana skeleton (Crypt:3)
  A snake skeleton (Crypt:2)
  6 giant eyeballs
  9 giant geckos
  2 oozes
  151 orcs
  A ball python (D:1)
  A bat skeleton (D:4)
  16 goblins
  18 hobgoblins
  24 jackals
  18 quokkas
  19 bats
  7 giant cockroaches
  A giant gecko skeleton (D:5)
  7 giant newts
  3 giant spores
  2 goblin zombies
  3 hobgoblin zombies
  30 kobolds
  4 kobold zombies (Ossuary)
  6 quokka zombies (Ossuary)
  28 rats
  A rat skeleton (Crypt:2)
  4 rat zombies (Ossuary)
  12 ballistomycetes
  A crawling corpse (Elf:3)
2787 creatures vanquished.

Vanquished Creatures (collateral kills)
  An orb of fire (Zot:5)
  Sojobo (Vaults:4)
  A Killer Klown (Zot:5)
  Mara (Vaults:2)
  5 golden dragons
  2 bone dragons
  Nikola (Depths:1)
  6 tentacled monstrosities
  A quicksilver dragon (Vaults:4)
  4 deep elf blademasters
  2 storm dragons
  A sphinx (Vaults:5)
  4 shadow dragons
  3 tengu reavers
  An azure jelly (Swamp:5)
  5 deep elf sorcerers (Elf:3)
  A draconian scorcher (Depths:5)
  2 frost giants
  Aizul (Swamp:1)
  2 fire giants
  A draconian zealot (Zot:1)
  2 vault wardens
  3 emperor scorpions
  A war gargoyle (Crypt:5)
  A draconian shifter (Zot:3)
  2 deep elf demonologists (Elf:3)
  A grey draconian (Depths:5)
  A green draconian (Zot:4)
  2 stone giants
  A pale draconian (Zot:1)
  A yellow draconian (Zot:3)
  A white draconian (Zot:3)
  A mottled draconian (Depths:5)
  2 deep elf annihilators
  3 ettins
  2 deep elf death magi
  3 jiangshi
  2 crystal guardians (Crypt:5)
  A dire elephant (Depths:3)
  2 mummy priests (Crypt:3)
  2 vault guards
  7 yaktaur captains
  A fire dragon (Depths:4)
  4 ironheart preservers
  A deep elf high priest (Elf:3)
  A spriggan air mage (Depths:3)
  A death cob (Zot:1)
  A spectral shadow dragon (Depths:4)
  3 deep troll earth magi
  A ravenous feature mimic (Depths:2)
  6 dancing weapons
  An ice dragon (Zot:1)
  2 great orbs of eyes (Depths:2)
  An alligator (shapeshifter) (Elf:3)
  10 death yaks
  A spriggan berserker (Depths:2)
  2 deep troll shamans (Depths:2)
  A plague shambler (D:15)
  2 ogre magi
  An alligator (Depths:2)
  4 centaur warriors
  A vampire mage (Crypt:3)
  5 very ugly things
  An ice devil (IceCv)
  A giant orange brain (Depths:3)
  An iron troll (Depths:1)
  4 hell knights (Depths:3)
  6 skeletal warriors
  2 catoblepae (Depths:4)
  A shadow wraith (Crypt:3)
  9 deep trolls
  A golden dragon zombie (Depths:5)
  A sea snake (Depths:2)
  A hellion (Depths:5)
  5 necromancers
  6 orc knights
  2 ironbrand convokers
  An anaconda skeleton (Crypt:5)
  A deep elf conjurer (Depths:4)
  A tengu zombie (Depths:5)
  2 harpies
  A very ugly thing zombie (Depths:3)
  A spectral fire dragon (Crypt:3)
  2 wolf spiders
  An orc sorcerer (Depths:2)
  2 salamanders (Depths:5)
  3 griffons
  A phantasmal warrior (Depths:3)
  A shock serpent zombie (Crypt:5)
  A frost giant skeleton (Crypt:5)
  2 moths of wrath
  An elephant (Lair:8)
  5 vault sentinels
  A naga mage (Depths:2)
  An orange demon (Vaults:2)
  A demonic crawler (Spider:1)
  A kobold demonologist (Vaults:2)
  15 yaktaurs
  A giant firefly (Depths:2)
  A tengu conjurer (Depths:1)
  A jumping spider (Spider:2)
  8 slime creatures
  A hydra skeleton (Crypt:3)
  A moth of wrath zombie (Zot:4)
  8 two-headed ogres
  A silent spectre (Crypt:5)
  A raven (Depths:1)
  2 deep troll zombies (Depths:3)
  4 air elementals
  2 shadows (Crypt:3)
  4 trapdoor spiders
  4 deep elf magi
  3 redbacks (Spider:4)
  8 flying skulls (Crypt:5)
  A tarantella (Spider:5)
  2 ugly things
  2 spriggans (Depths:2)
  A tarantella (shapeshifter) (Depths:2)
  A hippogriff (shapeshifter) (Depths:4)
  5 boulder beetles
  3 deep elf fighters
  2 human zombies
  A vampire mosquito (Vaults:1)
  A swamp worm (Swamp:1)
  A hell hound (Depths:5)
  A necrophage (Crypt:5)
  11 ogres
  2 spectral elves (Vaults:5)
  A big kobold (Vaults:2)
  2 crimson imps
  A jelly (shapeshifter) (Depths:2)
  A wight (Crypt:3)
  2 orc wizards
  An ufetubus (Vaults:2)
  A giant eyeball (Depths:3)
  9 orcs
325 creatures vanquished.

Vanquished Creatures (others)
  A storm dragon (Zot:5)
  2 Executioners
  A balrug (Elf:3)
  5 cacodemons
  2 green deaths (Elf:3)
  3 blizzard demons
  A quicksilver dragon zombie (Vaults:4)
  A deep elf high priest (Depths:5)
  4 fire dragon zombies
  2 storm dragon zombies
  2 golden dragon zombies
  An orb spider (Spider:3)
  A deep troll (Vaults:3)
  4 shadow dragon zombies
  4 tengu zombies (Vaults:4)
  A wolf spider zombie (Depths:2)
  A sphinx zombie (Depths:2)
  A wizard (Depths:2)
  2 wolf spiders
  An iron dragon zombie (Depths:5)
  26 water elementals
  4 frost giant zombies
  5 stone giant zombies
  A stone giant skeleton (Depths:2)
  A dire elephant zombie (Depths:3)
  2 orange demons
  3 draconian zombies
  A black draconian zombie (Crypt:3)
  A deep dwarf zombie (Depths:3)
  A yellow draconian zombie (Zot:3)
  7 spriggan zombies
  2 purple draconian zombies
  2 redback zombies (Vaults:3)
  An iron troll zombie (Vaults:4)
  A mottled draconian zombie (Zot:3)
  2 death yak skeletons (Depths:2)
  23 air elementals
  3 centaur zombies
  2 emperor scorpion zombies
  2 hellwings
  2 minotaur zombies
  4 death yak zombies (Depths:2)
  31 fire elementals
  27 human zombies
  2 harpy zombies (Vaults:3)
  A moth of wrath zombie (Zot:5)
  A red wasp zombie (Depths:2)
  2 slime creatures (Depths:2)
  A griffon zombie (Vaults:4)
  2 trapdoor spider zombies (Depths:4)
  A yellow draconian skeleton (Depths:5)
  A spriggan (Depths:2)
  2 ynoxinuls
  2 alligator zombies (Depths:2)
  An ugly thing zombie (Depths:5)
  5 ettin zombies
  2 giant firefly zombies (Depths:2)
  3 ice dragon zombies
  A neqoxec (WizLab)
  A raven zombie (Depths:1)
  10 deep troll zombies
  A salamander zombie (Depths:2)
  A snapping turtle zombie (Depths:2)
  5 earth elementals
  A vampire mosquito zombie (Vaults:3)
  An ogre (Vaults:4)
  6 lost souls
  13 yaktaur zombies
  A yaktaur skeleton (Vaults:2)
  A hell hound zombie (Depths:2)
  A naga zombie (Depths:2)
  6 human skeletons
  17 elf zombies
  A jelly (D:10)
  A quasit (WizLab)
  A troll zombie (Vaults:4)
  4 two-headed ogre zombies (Vaults:4)
  A kobold zombie (Depths:2)
  2 orc skeletons (Vaults:1)
  15 ogre zombies
  A mottled dragon zombie (Depths:2)
  A warg zombie (Vaults:4)
  A giant mite (Lair:4)
  2 white imps (IceCv)
  6 ufetubi
  An orc (Orc:2)
  17 orc zombies
  A rat (D:4)
  A ballistomycete (D:13)
  A crawling corpse (Elf:3)
  4 fungi
  A plant (Lair:4)
348 creatures vanquished.

Grand Total: 3460 creatures vanquished

Notes
Turn   | Place    | Note
--------------------------------------------------------------
     0 | D:1      | Tolias, the Deep Dwarf Conjurer, began the quest for the Orb.
     0 | D:1      | Reached XP level 1. HP: 15/15 MP: 2/2
   265 | D:1      | Reached XP level 2. HP: 22/22 MP: 1/4
   430 | D:1      | Learned a level 2 spell: Searing Ray
  1036 | D:1      | Reached skill level 4 in Conjurations
  1128 | D:2      | Reached XP level 3. HP: 21/28 MP: 2/6
  1590 | D:2      | Noticed Crazy Yiuf
  1678 | D:2      | Killed Crazy Yiuf
  1678 | D:2      | Reached XP level 4. HP: 20/36 MP: 2/9
  1850 | D:2      | Learned a level 4 spell: Iskenderun's Mystic Blast
  2366 | D:2      | Found a blossoming altar of Fedhas.
  2681 | D:3      | Reached XP level 5. HP: 23/42 MP: 2/11
  2994 | D:3      | Reached skill level 5 in Conjurations
  3544 | D:4      | Reached XP level 6. HP: 36/49 MP: 4/13
  3701 | D:4      | Learned a level 2 spell: Corpse Rot
  3873 | D:4      | Reached skill level 6 in Conjurations
  4079 | D:4      | Found a staircase to the Ecumenical Temple.
  4089 | Temple   | Entered the Ecumenical Temple
  4132 | Temple   | Became a worshipper of Makhleb the Destroyer
  4558 | D:5      | Entered Level 5 of the Dungeon
  4566 | D:5      | Reached skill level 1 in Necromancy
  4599 | D:5      | Reached XP level 7. HP: 31/55 MP: 1/17
  4967 | D:5      | Learned a level 5 spell: Iskenderun's Battlesphere
  5835 | D:6      | Reached skill level 1 in Charms
  6016 | D:6      | Got an ancient plate armour
  6030 | D:6      | Identified the cursed +2 plate armour of Rovauq {rPois Str+2} (You found it on level 6 of the Dungeon)
  6289 | D:7      | Acquired Makhleb's first power
  6292 | D:7      | Reached XP level 8. HP: 29/62 MP: 3/18
  6380 | D:7      | Reached skill level 7 in Conjurations
  6523 | D:7      | Found a sand-covered staircase.
  6555 | Ossuary  | Entered an ossuary
  6871 | Ossuary  | Reached skill level 5 in Stealth
  7187 | Ossuary  | Acquired Makhleb's second power
  8069 | D:7      | Reached skill level 5 in Charms
  8574 | D:7      | Found a snail-covered altar of Cheibriados.
  8575 | D:7      | Found a glowing silver altar of Zin.
  8637 | D:7      | Gained mutation: You passively map the area around you. [level up]
  8637 | D:7      | Reached XP level 9. HP: 51/68 MP: 1/20
  8986 | D:8      | Acquired Makhleb's third power
  8996 | D:8      | Noticed Edmund
  9017 | D:8      | Killed Edmund
  9117 | D:8      | Noticed Eustachio
  9130 | D:8      | Killed Eustachio
  9139 | D:8      | Noticed Duvessa
  9288 | D:8      | Noticed Dowan
  9339 | D:8      | Reached skill level 5 in Spellcasting
  9401 | D:8      | Reached skill level 8 in Conjurations
  9648 | D:8      | Killed Dowan
  9652 | D:8      | Killed Duvessa
 10076 | D:9      | Noticed a cyclops
 10190 | D:9      | You fall through a shaft for 3 floors!
 10207 | D:12     | Acquired Makhleb's fourth power
 10219 | D:12     | Reached XP level 10. HP: 72/75 MP: 3/23
 10239 | D:12     | Reached skill level 9 in Conjurations
 10272 | D:12     | Gained mutation: You are partially covered in slimy green scales (AC +2). [potion of beneficial mutation]
 10590 | D:12     | Noticed a gargoyle
 10602 | D:12     | Killed a gargoyle
 10744 | D:12     | Noticed an ice statue
 10857 | D:12     | Noticed a five-headed hydra
 10882 | D:12     | Killed a five-headed hydra
 10882 | D:12     | Reached skill level 5 in Dodging
 11058 | D:11     | Acquired Makhleb's fifth power
 11087 | D:10     | Entered Level 10 of the Dungeon
 11256 | D:10     | Found a staircase to the Lair.
 11290 | D:10     | Reached skill level 1 in Shields
 11531 | D:10     | Found Weolopre's Weapon Emporium.
 11531 | D:10     | Found a staircase to the Orcish Mines.
 11531 | D:10     | Found Uryukhywn's Armour Emporium.
 11557 | D:10     | Bought a +0 pair of gloves for 63 gold pieces
 11963 | D:10     | Reached skill level 5 in Shields
 12154 | D:10     | Reached XP level 11. HP: 78/81 MP: 2/25
 12399 | Lair:1   | Entered Level 1 of the Lair of Beasts
 12406 | Lair:1   | Reached skill level 1 in Maces & Flails
 12407 | Lair:1   | Reached skill level 10 in Conjurations
 13423 | Lair:1   | Noticed a six-headed hydra
 13460 | Lair:1   | Killed a six-headed hydra
 13460 | Lair:1   | Reached skill level 5 in Necromancy
 14169 | Lair:2   | Learned a level 5 spell: Bolt of Draining
 14996 | Lair:3   | Reached skill level 5 in Maces & Flails
 15105 | Lair:3   | Found a staircase to the Swamp.
 15135 | Lair:3   | Noticed a seven-headed hydra
 15158 | Lair:3   | Killed a seven-headed hydra
 15230 | Lair:3   | Noticed Gastronok
 15271 | Lair:3   | Noticed a death yak
 15407 | Lair:3   | Reached XP level 12. HP: 65/88 MP: 6/26
 15430 | Lair:3   | Found a frozen archway.
 15590 | IceCv    | Entered an ice cave
 16850 | Lair:3   | Killed Gastronok
 16894 | Lair:3   | Noticed a death yak
 17133 | Lair:3   | Noticed a death yak
 17163 | Lair:3   | Killed a death yak
 17163 | Lair:3   | Reached skill level 10 in Necromancy
 17316 | Lair:3   | Killed a death yak
 17332 | Lair:3   | Killed a death yak
 17407 | Lair:3   | Reached skill level 1 in Invocations
 17801 | Lair:4   | Noticed an eight-headed hydra
 17808 | Lair:4   | Killed an eight-headed hydra
 18317 | Lair:4   | Reached XP level 13. HP: 80/94 MP: 27/27
 18519 | Lair:4   | Got a slimy cutlass
 18521 | Lair:4   | Identified the cursed +0,+0 cutlass "Zufet" {vamp, +Inv rElec} (You found it on level 4 of the Lair of Beasts)
 18819 | Lair:5   | Reached skill level 5 in Invocations
 18913 | Lair:5   | Noticed Maud
 18924 | Lair:5   | Killed Maud
 18924 | Lair:5   | Reached skill level 10 in Maces & Flails
 19066 | Lair:5   | Found a hole to the Spider Nest.
 20341 | D:10     | Bought a +2 robe of resistance for 527 gold pieces
 20958 | Lair:7   | Reached skill level 11 in Maces & Flails
 21564 | Lair:7   | Reached skill level 10 in Invocations
 21824 | Lair:8   | Entered Level 8 of the Lair of Beasts
 22204 | Lair:8   | Reached skill level 12 in Maces & Flails
 22328 | Lair:8   | Learned a level 2 spell: Cure Poison
 22557 | Lair:8   | Reached skill level 1 in Poison Magic
 22585 | Lair:8   | Gained mutation: You resist negative energy. [level up]
 22585 | Lair:8   | Reached XP level 14. HP: 103/103 MP: 28/28
 22722 | Lair:8   | Reached skill level 1 in Fighting
 23855 | D:11     | Paralysed by a giant eyeball for 4 turns
 23866 | D:11     | Paralysed by a giant eyeball for 4 turns
 24363 | D:11     | Found a portal to a secret trove of treasure.
 24992 | D:11     | Identified a scroll of acquirement
 25135 | D:12     | Found Gusotz's Antique Armour Emporium.
 25158 | D:12     | Bought a pair of brightly glowing gloves for 209 gold pieces
 25167 | D:12     | Identified the cursed -5 pair of gloves of Equaxu {rElec} (You bought it in a shop on level 12 of the Dungeon)
 25904 | D:12     | Killed an ice statue
 26035 | Orc:1    | Entered Level 1 of the Orcish Mines
 26088 | Orc:1    | Found a flagged portal.
 26119 | Bailey   | Entered a bailey
 26475 | Bailey   | Found a roughly hewn altar of Beogh.
 26797 | Orc:1    | Noticed Grum
 26810 | Orc:1    | Killed Grum
 27894 | Orc:3    | Noticed Urug
 27907 | Orc:3    | Killed Urug
 27907 | Orc:3    | Reached skill level 5 in Evocations
 27958 | Orc:3    | Noticed Sonja
 27960 | Orc:3    | Noticed Sonja
 27960 | Orc:3    | Sonja changed into Sonja the brown ooze
 27967 | Orc:3    | Killed Sonja the brown ooze
 28031 | Orc:3    | Noticed Fannar
 28049 | Orc:3    | Killed Fannar
 28163 | Orc:3    | Found a staircase to the Elven Halls.
 28388 | Orc:4    | Entered Level 4 of the Orcish Mines
 28579 | Orc:4    | Found a roughly hewn altar of Beogh.
 28660 | Orc:4    | Found Ytarph's Gadget Shop.
 28829 | Orc:4    | Found Gracem's Armour Emporium.
 28848 | Orc:4    | Noticed a balrug
 29142 | Orc:4    | Found Jofal's Food Shop.
 29150 | Orc:4    | Found Ownaot's Assorted Antiques.
 29447 | Orc:4    | Bought a hardcover book for 375 gold pieces
 29635 | D:13     | Found a gate to the Vaults.
 29643 | D:13     | Reached skill level 5 in Fighting
 29693 | D:13     | Reached XP level 15. HP: 68/123 MP: 7/29
 30410 | D:13     | Found a roughly hewn altar of Beogh.
 31090 | Lair:2   | Learned a level 5 spell: Dispel Undead
 31706 | D:14     | Got a warped robe
 31712 | D:14     | Identified the +0 robe of Chusita {Dex+4} (You found it on level 14 of the Dungeon)
 31931 | D:14     | Noticed Nessos
 31940 | D:14     | Killed Nessos
 31976 | D:15     | Entered Level 15 of the Dungeon
 32023 | D:15     | Found Siacik's Gadget Shop.
 32029 | D:15     | Bought a +2 rod of inaccuracy (12/12) for 1105 gold pieces
 32399 | D:15     | Found a staircase to the Depths.
 32487 | D:15     | Noticed Harold
 32494 | D:15     | Killed Harold
 32896 | Spider:1 | Entered Level 1 of the Spider Nest
 34028 | Spider:1 | Noticed Snorg
 34032 | Spider:1 | Killed Snorg
 34906 | Spider:2 | Learned a level 4 spell: Control Teleport
 34942 | Spider:2 | Gained mutation: You are agile. (Dex +2) [potion of beneficial mutation]
 34966 | Spider:2 | Learned a level 2 spell: Swiftness
 35780 | Spider:2 | Reached XP level 16. HP: 137/140 MP: 24/32
 36257 | Spider:3 | Noticed Norris
 36521 | Spider:3 | Got a polished cutlass
 36522 | Spider:3 | Identified the +7,+9 cutlass "Echiec" {speed, MR+} (You found it on level 3 of the Spider Nest)
 36764 | Spider:4 | Reached skill level 10 in Spellcasting
 36869 | Spider:4 | Noticed Asterion
 36871 | Spider:4 | Noticed a spectral weapon
 36872 | Spider:4 | Noticed an Executioner
 37127 | Spider:4 | Noticed a spectral weapon
 37137 | Spider:4 | Killed Asterion
 37208 | Spider:4 | Got a brightly glowing shield
 37217 | Spider:4 | Identified the +2 shield of the Bulwark {rElec rC++ Str+3 SInv} (You took it off Asterion on level 4 of the Spider Nest)
 37612 | Spider:5 | Entered Level 5 of the Spider Nest
 37633 | Spider:5 | Learned a level 2 spell: Blink
 37721 | Spider:5 | Reached skill level 1 in Translocations
 38169 | Spider:5 | Noticed Alteisentier's ghost (mighty FoFi)
 38207 | Spider:5 | Killed Alteisentier's ghost
 38603 | Spider:5 | Reached skill level 5 in Translocations
 39334 | Spider:5 | Learned a level 1 spell: Apportation
 39336 | Spider:5 | Learned a level 1 spell: Summon Butterflies
 39355 | Spider:5 | Got a gossamer rune of Zot
 39683 | Swamp:1  | Entered Level 1 of the Swamp
 39831 | Swamp:1  | Noticed Aizul
 39847 | Swamp:1  | Killed Aizul
 40148 | Lair:2   | Learned a level 2 spell: Sublimation of Blood
 41154 | Swamp:2  | Reached XP level 17. HP: 136/146 MP: 34/34
 42493 | Swamp:4  | Got a garnet-studded chain mail
 42505 | Swamp:4  | Identified the cursed -5 chain mail of the Old World {+Fly} (You found it on level 4 of the Swamp)
 43196 | Swamp:4  | Learned a level 4 spell: Animate Dead
 43202 | Swamp:5  | Entered Level 5 of the Swamp
 43583 | Swamp:5  | Reached skill level 10 in Shields
 43825 | Swamp:5  | Noticed Rupert
 43845 | Swamp:5  | Killed Rupert
 43845 | Swamp:5  | Reached skill level 10 in Dodging
 43930 | Swamp:5  | Noticed Agnes
 43936 | Swamp:5  | Killed Agnes
 44845 | Swamp:5  | Got a decaying rune of Zot
 45226 | Elf:1    | Entered Level 1 of the Elven Halls
 45654 | Elf:1    | Got a jewelled falchion
 45655 | Elf:1    | Identified the +10,+4 falchion of Prudence {slice, -Tele rF+ Int+3} (You found it on level 1 of the Elven Halls)
 46597 | Elf:3    | Entered Level 3 of the Elven Halls
 47065 | Elf:3    | Gained mutation: You passively map a large area around you. [level up]
 47065 | Elf:3    | Reached XP level 18. HP: 157/157 MP: 7/36
 47471 | Elf:3    | Reached skill level 13 in Spellcasting
 47575 | Elf:3    | Identified the Compendium of Changing and the Mountains
 47669 | Elf:3    | HP: 7/159 [deep elf blademaster/short sword (11)]
 48033 | Elf:3    | Reached skill level 10 in Fighting
 48083 | Elf:3    | Got a polished short sword
 48085 | Elf:3    | Identified the +8,+7 short sword "Xixkuoju" {slice, rF+ rN+ Dex+3 Int+1 SInv} (You took it off a deep elf annihilator on level 3 of the Elven Halls)
 48924 | Elf:3    | Got a faintly glowing mace
 48925 | Elf:3    | Identified the +9,+6 mace of Schatin {antimagic, -Cast +Rage rElec rPois} (You took it off a deep elf high priest on level 3 of the Elven Halls)
 49013 | Elf:3    | Got a vibrating graven amulet
 49023 | Elf:3    | Identified the amulet "Icrud" {rMut Acc+4} (You took it off a deep elf annihilator on level 3 of the Elven Halls)
 49091 | Elf:3    | Reached skill level 14 in Shields
 49353 | Elf:3    | Got a pitted ivory ring
 49373 | Elf:3    | Identified the ring of Xom's Ringing Laughter {rN+ Str+5 Int+3} (You took it off a deep elf annihilator on level 3 of the Elven Halls)
 49523 | Elf:3    | Learned a level 6 spell: Haste
 49559 | Elf:3    | Identified Liolid's Grimoire of Attacks (You found it on level 3 of the Elven Halls)
 50121 | Vaults:1 | Entered Level 1 of the Vaults
 50125 | Vaults:1 | Found Extas Thu's Distillery.
 50195 | Vaults:1 | Found Ofyth's Armour Emporium.
 50209 | Vaults:1 | Found a magical portal.
 50218 | WizLab   | Entered a wizard's laboratory
 50664 | Vaults:1 | Found Esmauj's Assorted Antiques.
 50737 | Vaults:1 | Bought a pair of shimmering boots for 427 gold pieces
 50741 | Vaults:1 | Identified the +2 pair of boots of Courage {rN+ MR+ Dex-1} (You bought it in a shop on level 1 of the Vaults)
 51056 | Vaults:1 | Reached skill level 15 in Shields
 51056 | Vaults:1 | Reached XP level 19. HP: 170/170 MP: 16/37
 51208 | Vaults:1 | Reached skill level 10 in Evocations
 51566 | Vaults:1 | Found Sissiaxi's Armour Shoppe.
 51639 | Vaults:1 | Bought a +1 fire dragon armour for 650 gold pieces
 52387 | Vaults:1 | Reached skill level 1 in Armour
 52627 | Vaults:1 | Found Gajanaa's Jewellery Shoppe.
 52912 | Vaults:2 | Reached skill level 10 in Charms
 53077 | Vaults:2 | Found a staircase to the Crypt.
 53230 | Vaults:2 | Identified the Papyrus of Toxic Dislocation (You found it on level 2 of the Vaults)
 53259 | Vaults:2 | Reached skill level 5 in Armour
 53944 | Vaults:2 | Noticed Mara
 53953 | Vaults:2 | Noticed Tolias' illusion
 53958 | Vaults:2 | Killed Mara
 54847 | Vaults:3 | Reached XP level 20. HP: 178/178 MP: 36/37
 55638 | Vaults:4 | Learned a level 2 spell: Repel Missiles
 55898 | Vaults:4 | Found a staircase to the Hall of Blades.
 55979 | Vaults:4 | Noticed Sojobo
 56052 | Vaults:4 | Killed Sojobo
 56141 | Vaults:4 | Reached skill level 1 in Air Magic
 56237 | Vaults:4 | Your ally Sojobo died
 56654 | Vaults:4 | Noticed Saint Roka
 56698 | Vaults:4 | Banished Saint Roka
 56925 | Vaults:4 | Reached skill level 15 in Evocations
 58190 | Crypt:1  | Entered Level 1 of the Crypt
 58347 | Crypt:1  | Reached skill level 16 in Evocations
 58673 | Crypt:1  | Reached skill level 10 in Armour
 59106 | Crypt:2  | Reached skill level 17 in Evocations
 59396 | Crypt:2  | Reached XP level 21. HP: 184/186 MP: 23/39
 59776 | Crypt:2  | Reached skill level 18 in Evocations
 60460 | Crypt:3  | Reached skill level 19 in Evocations
 60924 | Crypt:3  | Identified the Guide on Stolen Souls
 61054 | Crypt:4  | Got a transparent plate armour
 61055 | Crypt:4  | Identified the +5 plate armour of Strih {Dex+1 Int+3} (You found it on level 4 of the Crypt)
 61657 | Crypt:4  | Reached skill level 20 in Evocations
 62149 | Crypt:5  | Entered Level 5 of the Crypt
 62918 | Crypt:5  | Identified Fekhuobo's Reference Book on Boosting Necromancy (You found it on level 5 of the Crypt)
 63081 | Crypt:5  | Noticed an ancient lich
 63099 | Crypt:5  | Killed an ancient lich
 63099 | Crypt:5  | Reached skill level 15 in Spellcasting
 63109 | Crypt:5  | Found an iron altar of Okawaru.
 63178 | Crypt:5  | Got a faintly glowing crystal amulet
 63181 | Crypt:5  | Identified the amulet "Gateugh Viet" {Spirit rElec rF+ Dex+2 SInv} (You found it on level 5 of the Crypt)
 63316 | Crypt:5  | Cast into the Abyss (spectral human)
 63359 | Crypt:5  | Escaped the Abyss
 63476 | Crypt:5  | Noticed Xtahua
 63493 | Crypt:5  | Killed Xtahua
 63493 | Crypt:5  | Reached XP level 22. HP: 122/193 MP: 25/40
 63545 | Crypt:5  | Identified the Compendium of Black Arts (You found it on level 5 of the Crypt)
 63602 | Crypt:5  | Your ally Xtahua died
 63800 | Crypt:5  | Got a vibrating bronze ring
 63801 | Crypt:5  | Identified the cursed ring "Yfud" {rF+ Str-2 Dex-2} (You found it on level 5 of the Crypt)
 64439 | Spider:2 | Learned a level 3 spell: Flight
 64646 | Lair:2   | Learned a level 6 spell: Iron Shot
 64803 | Depths:1 | Entered Level 1 of the Depths
 64846 | Depths:1 | Noticed Nikola
 64855 | Depths:1 | Killed Nikola
 64855 | Depths:1 | Reached skill level 1 in Earth Magic
 65002 | Depths:1 | Found a gateway to Hell.
 66093 | Depths:2 | Found a gateway to a ziggurat.
 66122 | Depths:2 | Reached skill level 15 in Maces & Flails
 66352 | Depths:2 | Noticed the Enchantress
 67310 | Depths:2 | Reached skill level 5 in Earth Magic
 67314 | Depths:2 | Killed the Enchantress
 67393 | Depths:2 | Got a faerie dragon armour
 67394 | Depths:2 | Identified the +3 faerie dragon armour {rPois HP-1 Stlth+} (You took it off the Enchantress on level 2 of the Depths)
 67800 | Depths:3 | Found a corrupted altar of Lugonu.
 67800 | Depths:3 | Found a one-way gate to the infinite horrors of the Abyss.
 67812 | Depths:3 | Found a flickering gateway to a bazaar.
 67845 | Bazaar   | Entered a bazaar
 67854 | Bazaar   | Found Plaunun's Food Emporium.
 67874 | Bazaar   | Found Cihet's Antique Weapon Boutique.
 67878 | Bazaar   | Found Blegrab's Distillery.
 67887 | Bazaar   | Found Stelehei's Jewellery Shop.
 67907 | Bazaar   | Bought a potion of restore abilities for 36 gold pieces
 67907 | Bazaar   | Bought a potion of flight for 36 gold pieces
 67907 | Bazaar   | Bought a potion of restore abilities for 36 gold pieces
 67907 | Bazaar   | Bought a potion of restore abilities for 36 gold pieces
 67907 | Bazaar   | Bought a potion of restore abilities for 36 gold pieces
 67907 | Bazaar   | Bought a potion of heal wounds for 36 gold pieces
 67907 | Bazaar   | Bought a potion of agility for 30 gold pieces
 67907 | Bazaar   | Bought a potion of curing for 24 gold pieces
 67937 | Bazaar   | Bought a meat ration for 35 gold pieces
 67937 | Bazaar   | Bought a meat ration for 35 gold pieces
 67937 | Bazaar   | Bought a bread ration for 30 gold pieces
 67937 | Bazaar   | Bought a bread ration for 30 gold pieces
 67937 | Bazaar   | Bought a bread ration for 30 gold pieces
 67937 | Bazaar   | Bought a meat ration for 35 gold pieces
 67937 | Bazaar   | Bought a bread ration for 30 gold pieces
 67937 | Bazaar   | Bought a rambutan for 4 gold pieces
 67937 | Bazaar   | Bought 10 grapes for 7 gold pieces
 67937 | Bazaar   | Bought an apple for 4 gold pieces
 67937 | Bazaar   | Bought a choko for 4 gold pieces
 68018 | Depths:3 | Noticed Jorgrun
 68025 | Depths:3 | Killed Jorgrun
 68088 | Depths:3 | Your ally Jorgrun died
 68090 | Depths:3 | Reached XP level 23. HP: 200/200 MP: 5/40
 68090 | Depths:3 | Reached skill level 10 in Earth Magic
 68117 | Depths:3 | Paralysed by a giant eyeball for 3 turns
 68627 | Depths:3 | Paralysed by a giant eyeball for 4 turns
 68700 | Depths:3 | Got an iridescent blowgun
 68701 | Depths:3 | Identified the cursed +2 blowgun "Bokhloywn" {evade, rN+ Str-1} (You found it on level 3 of the Depths)
 69107 | Depths:3 | Gained mutation: Your digestive system is specialised to digest meat. [potion of beneficial mutation]
 69312 | Depths:3 | Found a one-way gate leading to the halls of Pandemonium.
 69454 | Depths:4 | Paralysed by a giant eyeball for 3 turns
 69501 | Depths:4 | Identified Sif Muna's Papyrus of the Bewitching Traveller (You found it on level 4 of the Depths)
 70126 | Depths:2 | Your ally Enchantress died
 70206 | Depths:2 | Reached skill level 15 in Earth Magic
 71320 | Depths:4 | Identified the Handbook of the Peculiar Songs
 71324 | Depths:4 | Learned a level 1 spell: Animate Skeleton
 71325 | Depths:4 | Identified the Handbook of Bewitchment and Augmentations
 71562 | Depths:5 | Entered Level 5 of the Depths
 72034 | Depths:5 | Found a gate to the Realm of Zot.
 72320 | Depths:5 | Reached XP level 24. HP: 208/208 MP: 15/41
 72750 | Depths:5 | Identified the Papyrus of Black Magic and Augmentations
 74219 | Vaults:4 | Learned a level 9 spell: Shatter
 74220 | Vaults:5 | Entered Level 5 of the Vaults
 74221 | Vaults:5 | Reached skill level 21 in Earth Magic
 74317 | Vaults:5 | Reached skill level 22 in Earth Magic
 74457 | Vaults:4 | Gained mutation: Your magical capacity is low (-10% MP). [mutagenic glow]
 74697 | Vaults:5 | Reached skill level 23 in Earth Magic
 74764 | Vaults:4 | Reached skill level 1 in Staves
 75046 | Vaults:5 | Reached skill level 5 in Staves
 75046 | Vaults:5 | Reached XP level 25. HP: 192/216 MP: 30/36
 75194 | Vaults:5 | Identified a +2 rod of ignition (13/13) (You took it off a deep elf annihilator on level 5 of the Vaults)
 75358 | Vaults:5 | Found Lietherch's Magic Scroll Shop.
 75365 | Vaults:5 | Bought a scroll of enchant weapon II for 115 gold pieces
 75365 | Vaults:5 | Bought a scroll of enchant weapon II for 115 gold pieces
 75368 | Vaults:5 | Got a silver rune of Zot
 75404 | Vaults:5 | Got a pitted lapis lazuli ring
 75405 | Vaults:5 | Identified the ring "Gruaj" {Wiz rElec} (You took it off a vault sentinel on level 5 of the Vaults)
 75476 | Vaults:5 | Reached skill level 24 in Earth Magic
 75478 | Vaults:5 | Found Shareupt's Gadget Emporium.
 75540 | Vaults:5 | Got a glittering silver ring
 75550 | Vaults:5 | Identified the ring "Uhedohoc" {MP+9 Str+5 Int+4} (You took it off an ironheart preserver on level 5 of the Vaults)
 77294 | Zot:1    | Entered Level 1 of the Realm of Zot
 77715 | Zot:1    | Reached skill level 10 in Staves
 78623 | Zot:2    | Reached skill level 25 in Earth Magic
 79031 | Trove    | Entered a treasure trove
 79070 | Trove    | Got a steaming glass ring
 79090 | Trove    | Identified the ring "Pariej" {Fire rN+ Stlth--} (You found it in a treasure trove)
 79853 | Zot:3    | Reached skill level 26 in Earth Magic
 80388 | Zot:3    | Reached XP level 26. HP: 116/224 MP: 4/37
 80666 | Zot:4    | Identified a +0 rod of the swarm (11/11) (You took it off a white draconian on level 4 of the Realm of Zot)
 81173 | Zot:5    | Entered Level 5 of the Realm of Zot
 82061 | Vaults:5 | Bought a scroll of amnesia for 73 gold pieces
 82433 | Depths:2 | Learned a level 7 spell: Orb of Destruction
 82627 | Zot:5    | Noticed an ancient lich
 82638 | Zot:5    | Killed an ancient lich
 82675 | Zot:5    | Noticed an ancient lich
 82683 | Zot:5    | Noticed an orb of fire
 82683 | Zot:5    | Killed an ancient lich
 82687 | Zot:5    | Gained mutation: Your magical capacity is very low (-20% MP). [an orb of fire]
 82997 | Zot:5    | Noticed hypertraveller's ghost (awesomely powerful GrBe)
 82997 | Zot:5    | Killed an orb of fire
 83148 | Zot:5    | Noticed an ancient lich
 83155 | Zot:5    | Noticed an orb of fire
 83158 | Zot:5    | Gained mutation: You have a slow metabolism. [an orb of fire]
 83160 | Zot:5    | Killed an ancient lich
 83171 | Zot:5    | Killed an orb of fire
 83172 | Zot:5    | Noticed an ancient lich
 83186 | Zot:5    | Reached skill level 15 in Conjurations
 83217 | Zot:5    | Killed hypertraveller's ghost
 83249 | Zot:5    | Killed an ancient lich
 83259 | Zot:5    | Reached XP level 27. HP: 230/230 MP: 1/34
 83271 | Zot:5    | Noticed an ancient lich
 83282 | Zot:5    | Killed an ancient lich
 83364 | Zot:5    | Noticed an orb of fire
 83374 | Zot:5    | Killed an orb of fire
 83496 | Zot:5    | Noticed an ancient lich
 83520 | Zot:5    | Killed an ancient lich
 83691 | Zot:5    | Noticed an ancient lich
 83727 | Zot:5    | Killed an ancient lich
 83738 | Zot:5    | Noticed an ancient lich
 83742 | Zot:5    | Killed an ancient lich
 84084 | Zot:5    | Noticed an ancient lich
 84099 | Zot:5    | Killed an ancient lich
 84214 | Zot:5    | Got the Orb of Zot
 84241 | Zot:4    | Noticed Cliemew the pandemonium lord
 84252 | Zot:4    | Killed Cliemew the pandemonium lord
 84371 | Zot:1    | Noticed Pseazeut the pandemonium lord
 84426 | Depths:4 | Gained mutation: You are weak. (Str -2) [mutagenic glow]
 84449 | Depths:3 | Gained mutation: You are robust (+10% HP). [mutagenic glow]
 84841 | D:$      | Escaped with the Orb!

Action                   |  1- 3 |  4- 6 |  7- 9 | 10-12 | 13-15 | 16-18 | 19-21 | 22-24 | 25-27 || total
-------------------------+-------+-------+-------+-------+-------+-------+-------+-------+-------++-------
Melee: Club              |     3 |       |       |       |       |       |       |       |       ||     3
       Short sword       |     8 |       |       |       |       |       |       |       |       ||     8
       Dagger            |     1 |       |       |       |       |       |       |       |       ||     1
       Quarterstaff      |       |     8 |       |       |       |       |       |       |       ||     8
       Whip              |       |       |    14 |   177 |  1721 |  1133 |  1004 |    15 |       ||  4064
       Flail             |       |       |     7 |   241 |     1 |       |       |       |       ||   249
       Morningstar       |       |       |       |       |     3 |       |  1110 |  2061 |       ||  3174
       Unarmed           |       |       |       |       |       |     9 |       |       |       ||     9
       Demon whip        |       |       |       |       |       |       |     9 |       |       ||     9
       Staff             |       |       |       |       |       |       |       |    72 |   880 ||   952
 Fire: Blowgun           |       |       |     4 |    62 |    29 |    25 |     1 |       |       ||   121
Throw: Dart              |     8 |     1 |       |     1 |     1 |       |       |       |       ||    11
 Cast: Magic Dart        |    66 |   118 |   251 |   325 |   338 |    70 |       |       |       ||  1168
       Searing Ray       |     5 |    16 |    58 |    49 |    15 |     1 |       |       |       ||   144
       Iskenderun's Myst |       |       |    22 |    61 |    56 |    51 |       |       |       ||   190
       Iskenderun's Batt |       |       |     6 |    54 |    61 |    24 |       |       |       ||   145
       Bolt of Draining  |       |       |       |     4 |   155 |   364 |   200 |   180 |    12 ||   915
       Dispel Undead     |       |       |       |       |    28 |    64 |   206 |    47 |    39 ||   384
       Cure Poison       |       |       |       |       |     5 |    13 |     3 |    15 |     8 ||    44
       Sublimation of Bl |       |       |       |       |       |    76 |    75 |       |     9 ||   160
       Blink             |       |       |       |       |       |     8 |     8 |    13 |    10 ||    39
       Apportation       |       |       |       |       |       |     2 |     1 |     1 |       ||     4
       Control Teleport  |       |       |       |       |       |     4 |       |     2 |       ||     6
       Animate Dead      |       |       |       |       |       |       |    54 |    66 |    13 ||   133
       Haste             |       |       |       |       |       |       |    11 |    25 |    17 ||    53
       Repel Missiles    |       |       |       |       |       |       |     3 |     5 |     7 ||    15
       Iron Shot         |       |       |       |       |       |       |       |    17 |   165 ||   182
       Flight            |       |       |       |       |       |       |       |     3 |     1 ||     4
       Shatter           |       |       |       |       |       |       |       |    11 |    51 ||    62
       Orb of Destructio |       |       |       |       |       |       |       |       |     4 ||     4
Invok: Major Destruction |       |       |       |       |     6 |    19 |     1 |     7 |       ||    33
       Greater Servant o |       |       |       |       |     4 |    15 |     4 |     2 |       ||    25
       Lesser Servant of |       |       |       |       |     4 |     4 |     1 |     1 |       ||    10
       Minor Destruction |       |       |       |       |       |    31 |       |       |       ||    31
 Abil: Device Recharging |       |       |       |       |       |     1 |       |       |       ||     1
       Evoke Teleportati |       |       |       |       |       |     4 |       |     1 |       ||     5
Evoke: Wand              |     1 |     3 |    12 |    17 |    22 |    41 |    10 |     7 |       ||   113
       Lamp of fire      |       |       |       |     1 |     2 |     9 |     4 |    11 |     5 ||    32
       Rod               |       |       |       |       |     2 |     3 |     5 |     3 |     4 ||    17
       Stone of tremors  |       |       |       |       |     1 |     1 |     3 |     1 |     2 ||     8
       Fan of gales      |       |       |       |       |       |     1 |     3 |     7 |     5 ||    16
       Phial of floods   |       |       |       |       |       |       |     3 |     7 |     7 ||    17
       Disc of storms    |       |       |       |       |       |       |     1 |    22 |     8 ||    31
       Staff of energy   |       |       |       |       |       |       |       |    62 |   326 ||   388
  Use: Potion            |     1 |     2 |     5 |     6 |    17 |     8 |     3 |     4 |     5 ||    51
       Scroll            |       |    14 |    19 |    14 |    20 |    32 |    13 |    20 |    15 ||   147
 Stab: Sleeping          |       |       |     2 |     2 |    20 |     7 |       |       |     1 ||    32
       Distracted        |       |       |       |       |     4 |     1 |     8 |    28 |     6 ||    47
       Paralysed         |       |       |       |       |     8 |       |       |       |       ||     8
       Invisible         |       |       |       |       |       |     2 |       |       |       ||     2
       Confused          |       |       |       |       |       |       |     1 |       |       ||     1
